 Dungeon Crawl Stone Soup version 0.22-a0-609-gfedc9ff (webtiles) character file.

4174 Supahsalami the Arsonist (level 10, -25/79 HPs)
             Began as a Yellow Draconian Fire Elementalist on July 5, 2018.
             Was a Follower of Vehumet.
             Annihilated by a komodo dragon (32 damage)
             ... on level 8 of the Dungeon on July 10, 2018.
             The game lasted 01:13:33 (13813 turns).

Supahsalami the Arsonist (DrFE)                    Turns: 13813, Time: 01:13:34

Health: -25/79     AC: 10    Str: 10    XL:     10   Next: 7%
Magic:  4/28       EV: 20    Int: 19    God:    Vehumet [*.....]
Gold:   434        SH:  4    Dex: 17    Spells: 3/21 levels left

rFire    . . .     SeeInvis .   H - +11 spear of Qoil {pierce, rC+}
rCold    + + .     Gourm    .   G - +0 buckler {rC+}
rNeg     . . .     Faith    .   (armour unavailable)
rPois    .         Spirit   .   (helmet restricted)
rElec    .         Reflect  .   h - +0 cloak
rCorr    +         Harm     .   m - +1 pair of gloves
MR       .....                  (no boots)
Stlth    ++++......             (no amulet)
HPRegen  0.23/turn              r - ring of magical power
MPRegen  0.21/turn              g - ring of wizardry

@: agile
A: spit acid, acid resistance, unfitting armour, cold-blooded, AC +7
a: Breathe Acid, Renounce Religion


You were on level 8 of the Dungeon.
You worshipped Vehumet.
Vehumet was aware of your devotion.
You were hungry.

You visited 2 branches of the dungeon, and saw 10 of its levels.

You collected 434 gold pieces.

Inventory:

Hand Weapons
 n - a +2 falchion of holy wrath
 p - a +0 blowgun
 H - the +11 spear of Qoil (weapon) {pierce, rC+}
   (You took it off a gnoll on level 6 of the Dungeon)

   It inflicts extra damage upon your enemies.
   It protects you from cold.
Missiles
 i - 6 tomahawks (quivered)
 q - 11 poisoned needles
Armour
 h - a +0 cloak (worn)
 m - a +1 pair of gloves (worn)
 G - a +0 buckler of cold resistance (worn)
Jewellery
 g - a ring of wizardry (right hand)
 r - a ring of magical power (left hand)
 E - an uncursed amulet of regeneration {unknown}
Wands
 b - a wand of flame (17)
 o - a wand of iceblast (1)
 y - a wand of polymorph (9)
 A - a wand of random effects (30)
 I - a wand of enslavement (14)
Scrolls
 a - 6 scrolls of identify
 c - a scroll of amnesia
 e - 6 scrolls of remove curse
 j - 3 scrolls of fog
 t - a scroll of magic mapping
 x - 2 scrolls of enchant weapon
 z - 2 scrolls of teleportation {unknown}
 D - 2 scrolls of random uselessness {unknown}
Potions
 d - a potion of agility
 f - 4 potions of flight
 k - 2 potions of berserk rage {unknown}
 l - 2 potions of haste {unknown}
 s - 3 potions of brilliance
 v - a potion of curing {unknown}
 w - 2 potions of magic {unknown}
 B - a potion of cancellation {unknown}
 C - a potion of lignification {unknown}
Comestibles
 u - 17 rations
 F - 2 chunks of flesh


   Skills:
 + Level 4.2 Fighting
 + Level 5.2 Dodging
 + Level 5.6 Stealth
 * Level 0.2 Shields
 + Level 6.2 Spellcasting
 + Level 6.1 Conjurations
 + Level 0.2 Summonings
 * Level 8.3 Fire Magic


You had 3 spell levels left.
You knew the following spells:

 Your Spells              Type           Power        Failure   Level  Hunger
a - Flame Tongue          Conj/Fire      ####.        1%          1    None
b - Throw Flame           Conj/Fire      ####..       1%          2    None
c - Conjure Flame         Conj/Fire      ####....     1%          3    ##.....
d - Fireball              Conj/Fire      ####......   11%         5    #####..
e - Confuse               Hex            #.......     21%         3    ##.....
f - Summon Lightning Spi  Summ/Air       #.......     52%         4    ####...

Your spell library contained the following spells:

 Spells                   Type           Power        Failure   Level  Hunger
 Summon Small Mammal      Summ           #...         6%          1    None
 Sticky Flame             Conj/Fire      ####....     3%          4    ####...
 Summon Ice Beast         Ice/Summ       #.......     52%         4    ####...
 Call Imp                 Summ           #.......     10%         2    None
 Confusing Touch          Hex            #.....       8%          1    None
 Call Canine Familiar     Summ           #.......     19%         3    ##.....
 Metabolic Englaciation   Hex/Ice        #.........   86%         5    #####..
 Petrify                  Tmut/Erth      #.......     54%         4    ####...
 Inner Flame              Hex/Fire       ###.....     4%          3    ##.....
 Summon Guardian Golem    Hex/Summ       #.......     21%         3    ##.....
 Gell's Gravitas          Tloc           #.........   21%         3    ##.....
 Yara's Violent Unravell  Hex/Tmut       #.........   86%         5    #####..


Dungeon Overview and Level Annotations

Branches:
Dungeon (9/15)             Temple (1/1) D:7            Lair (0/6) D:8
    Orc: D:9-12

Altars:
Ashenzari
Cheibriados
Dithmenos
Elyvilon
Fedhas
Gozag
Hepliaklqana
Kikubaaqudgha
Makhleb
Nemelex Xobeh
Okawaru
Qazlal
Ru
Sif Muna
Trog
Uskayaw
Vehumet
Wu Jian
Xom
Yredelemnul
Zin

Shops:
D:6 *

Annotations:
D:8 exclusions: komodo dragon and two-headed ogre


Innate Abilities, Weirdness & Mutations

You can spit globs of acid.
You are resistant to acid.
Your golden yellow scales are hard. (AC +7)
You cannot fit into any form of body armour.
You are cold-blooded and may be slowed by cold attacks.


Message History

Aim: a plant
Okay, then.
Aiming: Polymorph
Press: ? - help, Shift-Dir - straight line, f/p - komodo dragon
Aim: a komodo dragon (chance to defeat MR: 28%)
Okay, then.
Aiming: Iceblast
Press: ? - help, Shift-Dir - straight line, f/p - komodo dragon
Aim: a komodo dragon That beam is likely to hit you.
Continue anyway?
The mass of ice explodes!
The iceblast engulfs the komodo dragon.
The komodo dragon is lightly wounded.
The iceblast engulfs you! You partially resist.
* * * LOW HITPOINT WARNING * * *
The iceblast engulfs the plant.
The plant is lightly damaged.
The iceblast engulfs the plant.
The plant is moderately damaged.
The komodo dragon bites you!!
You die...

..#...# #..# ......#
##.# .##...#### #.#
.##......# ###.###
.#######.####.....###
## #.##...P..PP.## #
#.#......PPPPP#


#.....PPPPPPPP# #.....PPP@.PPP# ##..PPPPPPl.PP# ##PPPPPP...PP# ##PPPPPPPPP##
########### You could see a komodo dragon.

Vanquished Creatures
  Joseph (D:7)
  A gargoyle (D:9)
  4 hogs (D:7)
  A human (D:7)
  A water moccasin (D:6)
  An orc warrior (D:7)
  A phantom (D:6)
  A sky beast (D:5)
  An ice beast (D:6)
  A black bear (D:8)
  6 ogres
  A crocodile (D:9)
  2 bullfrogs
  6 killer bees (D:9)
  3 scorpions
  3 crimson imps
  A bullfrog zombie (D:6)
  A bullfrog skeleton (D:7)
  5 hounds
  A jelly (D:7)
  Jessica (D:3)
  An iguana (D:9)
  11 orc wizards
  3 worker ants
  A killer bee zombie (D:6)
  A hound zombie (D:6)
  2 hound skeletons (D:4)
  2 worker ant zombies
  10 gnolls
  10 adders
  2 shadow imps
  An ooze (D:2)
  4 worms
  2 dart slugs (D:1)
  3 leopard geckos
  29 orcs
  3 giant cockroaches
  8 goblins
  2 hobgoblins (D:2)
  9 kobolds
  7 quokkas
  3 ball pythons
  5 bats
  4 frilled lizards
  5 rats
171 creatures vanquished.

Notes
Turn   | Place    | Note
-------+----------+-------------------------------------------
     0 | D:1      | Supahsalami the Draconian Fire Elementalist began the quest for the Orb.
     0 | D:1      | Reached XP level 1. HP: 14/14 MP: 3/3
   179 | D:1      | Reached XP level 2. HP: 20/20 MP: 3/5
   748 | D:2      | Learned a level 2 spell: Throw Flame
  1215 | D:2      | Reached XP level 3. HP: 26/26 MP: 1/6
  3185 | D:3      | Noticed Jessica
  3332 | D:3      | Reached XP level 4. HP: 29/33 MP: 1/8
  4574 | D:3      | Killed Jessica
  4574 | D:3      | Reached XP level 5. HP: 38/38 MP: 9/9
  4734 | D:3      | Found an ornate altar of the Wu Jian Council.
  4734 | D:3      | Found a burning altar of Makhleb.
  5043 | D:3      | Learned a level 3 spell: Conjure Flame
  5045 | D:3      | Found a hide-covered altar of Uskayaw.
  5045 | D:3      | Found a sacrificial altar of Ru.
  5181 | D:3      | Reached skill level 4 in Fire Magic
  5249 | D:4      | Noticed an ogre
  5368 | D:4      | Noticed an ogre
  5382 | D:4      | Killed an ogre
  5382 | D:4      | Reached XP level 6. HP: 45/45 MP: 2/11
  6000 | D:3      | Your scales start taking on a golden yellow colour.
  6000 | D:3      | Reached XP level 7. HP: 50/50 MP: 4/13
  6218 | D:4      | Reached skill level 5 in Fire Magic
  6929 | D:5      | Entered Level 5 of the Dungeon
  8123 | D:5      | Reached XP level 8. HP: 36/57 MP: 14/14
  9167 | D:4      | Upgraded the game from 0.22-a0-596-gfbd32a6 to 0.22-a0-609-gfedc9ff
  9233 | D:4      | Learned a level 5 spell: Fireball
  9381 | D:6      | Reached skill level 5 in Conjurations
  9463 | D:6      | Reached skill level 5 in Spellcasting
  9463 | D:6      | Reached skill level 6 in Fire Magic
  9470 | D:6      | Learned a level 3 spell: Confuse
  9617 | D:6      | Reached skill level 1 in Fighting
  9767 | D:6      | Found Iminosu's General Store.
 10578 | D:6      | Got a scorched spear {pierce}
 10587 | D:6      | Identified the +11 spear of Qoil {pierce, rC+} (You took it off a gnoll on level 6 of the Dungeon)
 10840 | D:7      | Found a staircase to the Ecumenical Temple.
 10846 | Temple   | Entered the Ecumenical Temple
 10988 | Temple   | Became a worshipper of Vehumet
 11057 | D:7      | Found an opulent altar of Gozag.
 11088 | D:7      | Reached XP level 9. HP: 57/67 MP: 3/17
 11096 | D:7      | Reached skill level 7 in Fire Magic
 11559 | D:7      | Noticed Joseph
 11571 | D:7      | Killed Joseph
 11590 | D:7      | Reached skill level 5 in Stealth
 12106 | D:7      | You fall through a shaft for 2 floors!
 12505 | D:8      | Noticed a two-headed ogre
 12788 | D:8      | Found a staircase to the Lair.
 12789 | D:8      | Noticed a komodo dragon
 13154 | D:9      | Found an opulent altar of Gozag.
 13233 | D:9      | Noticed a gargoyle
 13247 | D:9      | Killed a gargoyle
 13247 | D:9      | Reached skill level 5 in Dodging
 13247 | D:9      | Reached skill level 8 in Fire Magic
 13384 | D:9      | Reached XP level 10. HP: 57/78 MP: 0/19
 13542 | D:9      | Learned a level 4 spell: Summon Lightning Spire
 13780 | D:9      | Reached * piety under Vehumet
 13780 | D:9      | Offered knowledge of Freeze by Vehumet.
 13780 | D:9      | Noticed a two-headed ogre
 13813 | D:8      | Annihilated by a komodo dragon

Vault maps used:
D:1:      dpeg_arrival_rooms_c
D:3:      grunt_temple_overflow_cloverleaf, kennysheep_generic_room_15,
          uniq_jessica
D:4:      first_ration, feat_on_display
D:5:      bh_chokoban, grunt_decor_mini_mirrors
D:6:      serial_shops, shop
D:7:      minmay_temple_entry_enclosed_plants, basic_altar, grunt_livestock,
          uniq_joseph
D:8:      david_lair_shrubbed, serial_bayou_crossing
D:9:      minmay_gate_of_8, nicolae_tso_carved_into_rock, grunt_gozag_statues
Temple:   eino_temple_scatter_basement

Skill      XL: |  1  2  3  4  5  6  7  8  9 |
---------------+----------------------------+-----
Dodging        | 2 3 4 5 |  5.2
Stealth        | 2 3 4 5 |  5.6
Conjurations   | 2 3 4 5 6 |  6.1
Spellcasting   | 3 4 5 6 |  6.2
Fire Magic     | 4 5 6 8 |  8.3
Fighting       | 2 4 |  4.2
Shields        | |  0.2
Summonings     | |  0.2

Action                   |  1- 3 |  4- 6 |  7- 9 | 10-12 || total
-------------------------+-------+-------+-------+-------++-------
Melee: Spear             |   311 |    55 |   236 |     3 ||   605
       Tailslap          |    22 |     3 |    16 |       ||    41
       Unarmed           |       |       |     5 |       ||     5
       Falchion          |       |       |    12 |       ||    12
 Fire: Blowgun           |       |       |     8 |       ||     8
Throw: Stone             |    17 |     3 |    19 |       ||    39
       Tomahawk          |       |       |     6 |     1 ||     7
 Cast: Flame Tongue      |    12 |       |       |       ||    12
       Throw Flame       |    32 |    89 |   232 |    18 ||   371
       Conjure Flame     |       |     5 |    11 |     1 ||    17
       Confuse           |       |       |    11 |     5 ||    16
       Fireball          |       |       |     5 |     1 ||     6
 Abil: Breathe Acid      |       |       |     3 |       ||     3
Evoke: Wand              |       |       |       |     2 ||     2
  Use: Scroll            |     5 |       |     8 |       ||    13
       Potion            |       |       |       |     1 ||     1
 Stab: Sleeping          |     4 |       |       |       ||     4
  Eat: Chunk             |     3 |     6 |    17 |       ||    26
       Ration            |     2 |     2 |     4 |       ||     8
Armor: Skin              |    81 |    23 |    76 |     1 ||   181
Dodge: Dodged            |   140 |    37 |   160 |     1 ||   338
       Rpst.: Falchion   |       |       |     3 |       ||     3

Table legend:
 A = Spawn XP
 B = Non-spawn XP
 C = Spawn XP percentage of total XP
 D = Spawn monster count
 E = Non-spawn monster count
 F = Spawn count percentage of total count
 G = Total turns spent on level
                    A         B        C        D         E        F      G
               +---------+---------+-------+---------+---------+-------+---------
         Total |       0 |    5963 |   0.0 |       0 |     171 |   0.0 | 13813
               +---------+---------+-------+---------+---------+-------+---------
           D:1 |       0 |      30 |   0.0 |       0 |      17 |   0.0 |  1161
           D:2 |       0 |      48 |   0.0 |       0 |      14 |   0.0 |  2062
           D:3 |       0 |     303 |   0.0 |       0 |      35 |   0.0 |  2210
           D:4 |       0 |     693 |   0.0 |       0 |      17 |   0.0 |  2219
           D:5 |       0 |     584 |   0.0 |       0 |      29 |   0.0 |  1819
           D:6 |       0 |     834 |   0.0 |       0 |      16 |   0.0 |  1349
           D:7 |       0 |    2038 |   0.0 |       0 |      21 |   0.0 |  1337
           D:8 |       0 |     323 |   0.0 |       0 |       9 |   0.0 |   732
           D:9 |       0 |    1110 |   0.0 |       0 |      13 |   0.0 |   772
               +---------+---------+-------+---------+---------+-------+---------
